[Event "FIDE WTC Prel-A 2022"]
[Site "Jerusalem"]
[Date "2022.11.20"]
[Round "1.1"]
[White "Van Foreest, Jorden"]
[Black "Santos Latasa, Jaime"]
[Result "1/2-1/2"]
[ECO "D38"]
[WhiteElo "2690"]
[BlackElo "2665"]
[Annotator "TA"]
[PlyCount "64"]
[EventDate "2022.11.20"]
[EventType "team-tourn"]
[EventCountry "ISR"]
[SourceTitle "playchess.com"]
[Source "ChessBase"]
[SourceQuality "1"]
[WhiteTeam "Netherlands"]
[BlackTeam "Spain"]
[WhiteTeamCountry "NED"]
[BlackTeamCountry "ESP"]
[TimeControl "2700+10"]

1. d4 Nf6 2. c4 e6 3. Nf3 d5 4. Nc3 Bb4 5. cxd5 exd5 6. Bg5 h6 7. Bxf6 Qxf6 8. e3 {[%emt 0:00:13] 8.Qa4+ is the modern continuation.} O-O 9. Bd3 {[%emt 0:00:34] D38: Queen's Gambit Declined: Ragozin Defence (4 Nf3 Bb4).} Rd8 10. O-O {[%emt 0:00:35] [#]} Bf8 $146 ({Predecessor:} 10... Nc6 11. a3 Bxc3 12. bxc3 Bf5 13. Bxf5 Qxf5 14. Qb1 Qxb1 15. Raxb1 b6 16. Rfc1 Na5 {½-½ (62) Reyes Cortes,R (1613)-Santamaria Quintana,I (1275) ICCF email 2014}) 11. Qb3 {[%emt 0:01:56] White is slightly better.} c6 12. Rfe1 (12. Ne5 {looks sharper.} Qe7 13. Rae1 Nd7 14. f4) 12... Qe7 13. e4 Be6 {[%emt 0:01:09] [#] And now ...dxe4 would win.} 14. exd5 cxd5 15. Bf5 {[%emt 0:00:01][%cal Oe1e6] Hoping for Rxe6!} Nc6 16. Rad1 Qd7 17. Bxe6 fxe6 18. Rd3 Re8 19. Rde3 Qf7 20. Qb5 g5 21. Qe2 Bg7 22. Rxe6 (22. Nb5 {is more complex.} Rad8 23. Ne5 Bxe5 24. dxe5 Rf8 25. Nd6) 22... Rxe6 23. Qxe6 Qxe6 24. Rxe6 Rd8 $1 25. Re1 Nxd4 26. Nxd4 Bxd4 27. Rd1 Bxc3 28. bxc3 $11 {[%emt 0:00:00] KR-KR} Kf7 29. Kf1 Ke6 30. Rd3 Rd6 31. Ke2 Ra6 32. Rd2 (32. Rh3 $1 $11 {remains equal.} Ke5 33. a4) 32... Ra4 {[%emt 0:00:06] Weighted Error Value: White=0.11 (very precise) /Black=0.06 (flawless)} 1/2-1/2

[Event "FIDE WTC Prel-A 2022"]
[Site "Jerusalem"]
[Date "2022.11.20"]
[Round "1.2"]
[White "Anton Guijarro, David"]
[Black "Van Foreest, Lucas"]
[Result "1-0"]
[ECO "C65"]
[WhiteElo "2668"]
[BlackElo "2585"]
[Annotator "TA"]
[PlyCount "79"]
[EventDate "2022.11.20"]
[EventType "team-tourn"]
[EventCountry "ISR"]
[SourceTitle "playchess.com"]
[Source "ChessBase"]
[SourceQuality "1"]
[WhiteTeam "Spain"]
[BlackTeam "Netherlands"]
[WhiteTeamCountry "ESP"]
[BlackTeamCountry "NED"]
[TimeControl "2700+10"]

1. e4 e5 2. Nf3 Nc6 3. Bb5 Nf6 4. d3 Bc5 5. Bg5 h6 6. Bh4 {[%emt 0:00:06] C65: Ruy Lopez: Berlin Defence (3...Nf6), unusual lines and 4 0-0 Bc5.} d6 7. Nc3 g5 8. Bg3 {[%emt 0:00:06] The position is equal.} Bd7 9. Na4 Bb6 10. h4 g4 11. Nxb6 axb6 12. Nh2 {[%emt 0:00:38][%cal Bf3h2,Bh2f1,Bf1e3][%mdl 32] [#]} Nd4 $146 ({Predecessor:} 12... Qe7 13. c3 O-O-O 14. Nf1 d5 15. Qa4 Kb8 16. Ne3 dxe4 17. dxe4 Qc5 18. O-O-O Be6 19. Bxc6 bxc6 {½-½ (68) Saric,I (2667)-Bok,B (2640) Khanty-Mansiysk 2019}) 13. Bxd7+ Qxd7 14. c3 Nc6 15. O-O Rg8 16. Re1 Nh5 17. Nf1 f5 18. exf5 Qxf5 19. Ne3 (19. d4 {looks sharper.} O-O-O 20. dxe5 Nxe5 21. Ne3) 19... Qg6 20. a4 Kf8 21. d4 exd4 22. cxd4 Rg7 23. Rc1 Re8 $1 24. Qd2 (24. Nd5 $16) 24... Kg8 (24... Re4 $11) 25. b4 {[%emt 0:01:15][%cal Bb2b4,Bb4b5][%mdl 32] White wants to play a5.} Kh7 (25... Re4 $11) 26. b5 Na5 {[%emt 0:04:20] White must now prevent ...Nb3.} 27. Qc3 {[%emt 0:04:46] Prevents Nb3.} Nf6 {[%emt 0:00:02] Inhibits Nd5.} 28. Qc2 Re4 29. Kh2 {[%emt 0:01:55][%cal Oe3d5] And now Nd5! would win.} Rge7 30. Qb1 h5 (30... Rxd4 $2 31. Nf5 Rxe1 32. Rxc7+ (32. Rxe1 Rd5 $11) 32... Kh8 33. Qxe1 $18) 31. Red1 Kg7 {[%emt 0:01:48] [#] Loses the game.} (31... Rg7 $14) 32. Rc3 $1 $18 Kh7 (32... Rf7 $142 33. Qc2 c6) 33. Rdc1 c6 (33... Ne8 34. Nd5 Rf7 35. Nxc7 Ng7) 34. bxc6 Nxc6 35. Qxb6 Nxd4 (35... Ne8 $142 36. Rc4 Rf7) 36. Rc7 Ne2 37. Qxb7 Qf7 {[%emt 0:00:09] [#]} 38. Nf5 $1 Nxc1 39. Nxe7 Ne8 40. Qxe4+ {[%emt 0:00:06] Weighted Error Value: White=0.10 (very precise) /Black=0.54} 1-0

[Event "FIDE WTC Prel-A 2022"]
[Site "Jerusalem"]
[Date "2022.11.20"]
[Round "1.3"]
[White "Warmerdam, Max"]
[Black "Shirov, Alexei"]
[Result "1/2-1/2"]
[ECO "D85"]
[WhiteElo "2617"]
[BlackElo "2666"]
[Annotator "TA"]
[PlyCount "59"]
[EventDate "2022.11.20"]
[EventType "team-tourn"]
[EventCountry "ISR"]
[SourceTitle "playchess.com"]
[Source "ChessBase"]
[SourceQuality "1"]
[WhiteTeam "Netherlands"]
[BlackTeam "Spain"]
[WhiteTeamCountry "NED"]
[BlackTeamCountry "ESP"]
[TimeControl "2700+10"]

1. d4 Nf6 2. c4 g6 3. Nc3 d5 4. Nf3 Bg7 5. cxd5 Nxd5 6. e4 Nxc3 7. bxc3 c5 8. Bb5+ Nc6 9. O-O cxd4 10. cxd4 O-O 11. Be3 Bg4 12. Bxc6 bxc6 13. Rc1 Qa5 14. Qd2 {[%emt 0:01:35] The position is equal.} Qxd2 {[%emt 0:00:21] D85: Exchange Grünfeld: Unusual White 7th moves and lines with 7 Nf3.} 15. Nxd2 Rfd8 16. Nb3 a5 17. Rxc6 a4 18. Nc5 Bxd4 19. Bxd4 Rxd4 20. f3 Rc8 21. Rxc8+ Bxc8 $11 {[%emt 0:00:02][%mdl 4096] Endgame KRB-KRN} 22. Rc1 Be6 {[%emt 0:06:44] [#]} 23. a3 $146 ({Predecessor:} 23. Nxe6 fxe6 24. Rc2 Kf7 25. Kf2 Rd3 26. h4 Kf6 27. Kg3 Ra3 28. Kf4 e5+ 29. Kg4 {½-½ (41) Spalir,J (2336)-Djukic,N (2574) Zadar 2018}) 23... Bb3 24. Nxb3 axb3 {[%emt 0:00:02] KR-KR} 25. Rb1 Rd3 26. Rb2 f5 27. Kf2 f4 28. a4 Rd4 29. Rxb3 {[%emt 0:00:02] [#] Threatens to win with Ra3.} Rxa4 30. Rb2 {[%emt 0:00:04] An even fight not without its subleties.  Weighted Error Value: White=0.02 (flawless) /Black=0.00 (flawless)} 1/2-1/2

[Event "FIDE WTC Prel-A 2022"]
[Site "Jerusalem"]
[Date "2022.11.20"]
[Round "1.4"]
[White "Santos Ruiz, Miguel"]
[Black "Kevlishvili, Robby"]
[Result "1/2-1/2"]
[ECO "B53"]
[WhiteElo "2587"]
[BlackElo "2536"]
[Annotator "TA"]
[PlyCount "89"]
[EventDate "2022.11.20"]
[EventType "team-tourn"]
[EventCountry "ISR"]
[SourceTitle "playchess.com"]
[Source "ChessBase"]
[SourceQuality "1"]
[WhiteTeam "Spain"]
[BlackTeam "Netherlands"]
[WhiteTeamCountry "ESP"]
[BlackTeamCountry "NED"]
[TimeControl "2700+10"]

1. e4 c5 2. Nf3 d6 3. Nc3 Nf6 4. d4 cxd4 5. Qxd4 Nc6 6. Qe3 {[%emt 0:00:00] B53: Sicilian: 2...d6: Lines with Qxd4.} g6 7. h3 Bg7 8. Bc4 O-O 9. O-O Nd7 10. Rd1 Nde5 11. Nxe5 Nxe5 12. Bb3 {[%emt 0:00:00] [#]} Bd7 $146 ({Predecessor:} 12... Rb8 13. Qxa7 Bd7 14. Qe3 b5 15. Qe2 b4 16. Nd5 Bb5 17. Qe1 Bd7 18. Bg5 Re8 {1-0 (62) Demchenko,A (2654)-Rodchenkov,S (2346) Chess.com INT 2022}) 13. a4 Nc6 14. Nd5 Na5 15. Ra3 Nxb3 16. Qxb3 e6 17. Nc3 Bc6 18. Qb4 ({White should try} 18. Bf4 $11) 18... Be5 (18... Qh4 $1 $15) 19. f4 a5 20. Qc4 Qb6+ 21. Kh2 Qb4 22. Qd3 Bxc3 23. Rxc3 Qxe4 (23... Bxe4 {feels hotter.} 24. Qxd6 Bd5 25. Qe5 Qxa4 26. Rd4 Qe8) 24. Qxe4 Bxe4 25. Rxd6 Rfd8 26. Rxd8+ Rxd8 $11 {[%emt 0:00:02][%mdl 4096] Endgame KRB-KRB} 27. Be3 Bc6 28. Rd3 Rxd3 29. cxd3 Bxa4 $15 {[%emt 0:00:07] KB-KB} 30. Bb6 Bb5 31. Bxa5 Bxd3 32. Kg1 f6 33. Bc3 Kf7 34. h4 h6 35. Kf2 g5 36. hxg5 {[%emt 0:00:00] The position is equal.} hxg5 37. fxg5 fxg5 38. Ke3 Bf1 39. g3 Kg6 40. Be5 Kf5 41. Kd4 Bg2 42. Bb8 Bf1 43. Be5 Bg2 44. Bb8 Bf1 45. Be5 {[%emt 0:00:00] Weighted Error Value: White=0.07 (flawless) /Black=0.07 (flawless)} 1/2-1/2

[Event "FIDE WTC Prel-A 2022"]
[Site "Jerusalem"]
[Date "2022.11.20"]
[Round "1.5"]
[White "Vachier-Lagrave, Maxime"]
[Black "Ivanchuk, Vasyl"]
[Result "1/2-1/2"]
[ECO "C77"]
[WhiteElo "2736"]
[BlackElo "2673"]
[Annotator "TA"]
[PlyCount "142"]
[EventDate "2022.11.20"]
[EventType "team-tourn"]
[EventCountry "ISR"]
[SourceTitle "playchess.com"]
[Source "ChessBase"]
[SourceQuality "1"]
[WhiteTeam "France"]
[BlackTeam "Ukraine"]
[WhiteTeamCountry "FRA"]
[BlackTeamCountry "UKR"]
[TimeControl "2700+10"]

1. e4 e5 2. Nf3 Nc6 3. Bb5 a6 4. Ba4 Nf6 5. O-O Be7 6. d3 d6 7. c3 O-O 8. Nbd2 Nd7 9. Bc2 {[%emt 0:00:56] C77: Ruy Lopez: 3...a6 4 Ba4 Nf6, unusual lines.} Nb6 10. b4 {[%emt 0:04:09] [#]} f5 $146 ({Predecessor:} 10... d5 11. Bb2 Be6 12. a4 f6 13. b5 dxe4 14. Nxe4 Na5 15. c4 Bb4 16. Ba3 Bxa3 17. Rxa3 {1-0 (38) Van Foreest,J (2514)-Haslinger,S (2526) Dieren 2015}) 11. a4 fxe4 12. dxe4 Bg4 13. h3 Bh5 14. Re1 Bg5 15. g4 Be8 16. Nxg5 Qxg5 17. Nf3 {[%emt 0:01:02] Inhibits Qh4.} Qf6 18. Kg2 Bd7 19. a5 Nc8 20. Bb3+ Kh8 21. g5 {[%emt 0:05:30] Active counter play!} (21. Bg5 $11 Qg6 22. Qd2) 21... Qd8 $15 ({But not} 21... Bxh3+ 22. Kg3 Qxf3+ 23. Qxf3 Rxf3+ 24. Kxf3 $16) 22. Nh4 {[%emt 0:01:45] [#] Qh5 is the strong threat.} N8e7 23. Kg3 Qe8 24. Qe2 (24. Ra2 $15) 24... Nd8 $17 25. f4 Be6 (25... Bb5 $17 26. Qf3 exf4+ 27. Bxf4 Ng6 28. Nxg6+ Qxg6) 26. Bc2 $15 {[%emt 0:01:04] [#] Black must now prevent f5.} exf4+ 27. Bxf4 Ndc6 28. Rf1 ({Much worse is} 28. Nf5 Qd7 29. Rf1 Nxf5+ 30. exf5 Bxf5 $17) 28... Rd8 29. Rad1 Ne5 30. Bxe5 dxe5 31. Rxf8+ Qxf8 32. Rf1 Qe8 33. Rf2 Qc6 34. Qe3 Ng6 35. Nf3 Bc8 36. Rd2 Rf8 37. Bb3 Be6 38. Bxe6 Qxe6 39. Nh2 Nf4 40. Ng4 Qe7 ({Better is} 40... b6 $15) 41. Qc5 $11 {[%emt 0:00:08] The position is equal.} Qxc5 42. bxc5 {[%emt 0:00:01][%mdl 4096] Endgame KRN-KRN} Ne6 43. Rd5 Nxg5 44. Rxe5 h6 45. h4 Rf3+ 46. Kg2 Rf4 47. Nf2 Rxh4 48. Kg3 {[%emt 0:00:02] Against Rf4} Rh5 49. Re7 Kg8 50. Kg4 Rh2 51. Kg3 {[%emt 0:00:02] Prevents Rg2+.} Rh5 52. e5 Kf8 53. Rxc7 Ne6 54. c6 bxc6 (54... Nxc7 $2 55. cxb7 Rg5+ 56. Kh4 $18) 55. Rxc6 Rxe5 56. Rxa6 Ke7 57. Ra7+ Kd6 58. Kf3 Ng5+ 59. Kg4 Re3 60. Rxg7 Rxc3 61. Rg6+ Ke5 62. Rxh6 Ne6 63. Rh5+ Kd4 64. Rb5 Ra3 65. Kf5 Nc5 66. Ng4 Kc4 67. Rb1 Rxa5 68. Ne5+ Kc3 69. Nc6 Ra2 70. Rc1+ Rc2 71. Rxc2+ Kxc2 {[%emt 0:00:01] Weighted Error Value: White=0.07 (flawless) /Black=0.08 (flawless)} 1/2-1/2

[Event "FIDE WTC Prel-A 2022"]
[Site "Jerusalem"]
[Date "2022.11.20"]
[Round "1.6"]
[White "Shevchenko, Kirill"]
[Black "Moussard, Jules"]
[Result "1-0"]
[ECO "A29"]
[WhiteElo "2649"]
[BlackElo "2676"]
[Annotator "TA"]
[PlyCount "101"]
[EventDate "2022.11.20"]
[EventType "team-tourn"]
[EventCountry "ISR"]
[SourceTitle "playchess.com"]
[Source "ChessBase"]
[SourceQuality "1"]
[WhiteTeam "Ukraine"]
[BlackTeam "France"]
[WhiteTeamCountry "UKR"]
[BlackTeamCountry "FRA"]
[TimeControl "2700+10"]

1. c4 e5 2. Nc3 Nf6 3. Nf3 Nc6 4. g3 d5 5. cxd5 Nxd5 6. Bg2 Bc5 7. O-O O-O 8. d3 h6 {[%emt 0:00:43] 8...Bb6 is not played anymore.} 9. Nxd5 {[%emt 0:07:47] A29: English Opening: Four Knights Variation with 4 g3.} Qxd5 10. Bd2 Qd6 11. Bc3 {[%emt 0:03:23][%cal Of3e5] [#] The position is equal.} Bg4 $146 ({Predecessor:} 11... Rd8 12. Nd2 Be6 13. Qa4 Nd4 14. Bxd4 Qxd4 15. Qc2 Bd6 16. Nc4 c6 17. Nxd6 Rxd6 {0-1 (49) Wang,Y (2440)-Sunilduth Lyna,N (2616) Changsha 2019}) 12. h3 (12. Nxe5 {feels hotter.} Nxe5 13. d4 Nc6 14. dxc5 Qxc5 15. Re1) 12... Bxf3 13. Bxf3 Rab8 14. e3 Rfd8 15. Be4 {[%emt 0:04:12] A strong pair of Bishops.} Bb4 16. Qb3 Bxc3 17. bxc3 Ne7 18. Rfd1 c5 19. a4 ({Don't blunder} 19. Bxb7 $2 Rd7 20. Rab1 Rdxb7 21. Qxb7 Rxb7 22. Rxb7 Nd5 $19) (19. d4 $5) 19... b6 20. Qc4 Nd5 21. Rab1 Nc7 22. h4 a6 23. d4 cxd4 24. cxd4 b5 25. axb5 Nxb5 (25... axb5 $14 26. Qc2 Ne8) 26. dxe5 $16 {[%emt 0:00:56] White is more active.} Qxe5 27. Bd5 Qf6 28. Rbc1 h5 29. e4 g6 30. Kg2 Kg7 31. Rd3 {[%emt 0:00:01] Rf3 is the strong threat.} Nd6 {[%emt 0:00:21] [#]} (31... Qe5 $14) 32. Qa4 $1 {[%emt 0:00:10] Hoping for Rc7.} Qe5 (32... Rb2 $2 33. Rf3 Qe5 34. Rc7 $18 (34. Qxa6 Rd7 $16)) (32... Rbc8 $16 33. Rxc8 Rxc8) 33. Rf3 (33. Rc7 $18) 33... Rf8 {[%emt 0:00:09] Loses the game.} (33... Rdc8 $16 34. Rxc8 Rxc8) 34. Rc7 $18 ({Not} 34. Qxa6 Nxe4 35. Ba2 Nd6 $11) 34... Rbc8 35. Ra7 Rce8 36. Qxa6 Re7 37. Rxe7 Qxe7 38. Qa1+ Kh7 (38... f6 {was called for.} 39. Rb3 Rh8) 39. Qf6 Nc8 (39... Re8 40. Bxf7 Qxf6 41. Rxf6 Nxf7) 40. Qxe7 Nxe7 41. Rxf7+ Rxf7 42. Bxf7 {[%emt 0:00:01][%mdl 4096] Endgame KB-KN} Kg7 43. Bc4 Nc6 44. f4 (44. Bd5 $142 Ne5 45. f4) 44... Nd4 45. Kf2 {[%emt 0:00:02] [#] Black must now prevent Ke3.} Kf6 46. Ke3 (46. Bd5 $142 Kg7 47. Ke3) 46... Nc2+ 47. Kd3 {[%emt 0:00:06] White mates.} Nb4+ 48. Kd4 Nc2+ 49. Kc3 Ne3 50. Be2 Ng2 51. Kd2 {[%emt 0:00:03] Weighted Error Value: White=0.14 (very precise) /Black=0.37} 1-0

[Event "FIDE WTC Prel-A 2022"]
[Site "Jerusalem"]
[Date "2022.11.20"]
[Round "1.7"]
[White "Fressinet, Laurent"]
[Black "Volokitin, Andrei"]
[Result "1-0"]
[ECO "D38"]
[WhiteElo "2622"]
[BlackElo "2663"]
[Annotator "TA"]
[PlyCount "125"]
[EventDate "2022.11.20"]
[EventType "team-tourn"]
[EventCountry "ISR"]
[SourceTitle "playchess.com"]
[Source "ChessBase"]
[SourceQuality "1"]
[WhiteTeam "France"]
[BlackTeam "Ukraine"]
[WhiteTeamCountry "FRA"]
[BlackTeamCountry "UKR"]
[TimeControl "2700+10"]

1. d4 Nf6 2. c4 e6 3. Nf3 d5 4. Nc3 Bb4 5. cxd5 exd5 6. Bg5 h6 7. Bh4 O-O {[%emt 0:00:06] D38: Queen's Gambit Declined: Ragozin Defence (4 Nf3 Bb4).} 8. e3 Bf5 9. Be2 Nbd7 {[%emt 0:00:11] The position is equal.} 10. Qb3 Qe7 11. O-O c6 12. a3 {[%emt 0:00:07] [#]} Bd6 $146 (12... Bxc3 $11 13. bxc3 b5) ({Predecessor:} 12... Bxc3 13. Bxf6 Nxf6 14. bxc3 b5 15. a4 a6 16. Qa3 Qb7 17. Ra2 Rfc8 18. Ne5 Rab8 {½-½ (43) Harikrishna,P (2732)-Wojtaszek,R (2705) Wijk aan Zee 2021}) 13. Qxb7 $16 Rab8 14. Qxc6 g5 15. Bg3 (15. Nxd5 $6 Nxd5 16. Qxd5 Be6 17. Bxg5 f6 $11) 15... Bxg3 16. hxg3 Rxb2 17. Rfe1 Nb6 {[%emt 0:02:27] Strongly threatening ...Rc8.} 18. Qc5 Qe6 19. Ne5 Rc8 20. Qa5 Ne4 21. Rac1 {[%emt 0:04:24] Threatens to win with Nxe4.} Nd6 (21... Rxc3 $16 22. Rxc3 Nxc3 23. Qxc3 Rc2) 22. Bf1 (22. Qxa7 Ra8 23. Qc7 Rc8 $11) 22... f6 (22... Kg7 $142 23. Na4 (23. Qxa7 Ra8 $11) 23... Nxa4) 23. Nd3 $18 Bxd3 24. Bxd3 Rb3 25. Bf1 (25. Qxa7 Qf7 26. Qxf7+ Kxf7 27. Nxd5 Rxc1 28. Rxc1 Nxd5 $17) 25... Qf7 26. Nb5 $1 Ndc4 27. Qa6 Qd7 28. a4 (28. Nxa7 $2 Ra8 29. Rb1 (29. Bxc4 $2 dxc4 30. Qa5 Rxa7 $19) 29... Rxa3 $19) 28... Rb4 29. Qxa7 Qd8 (29... Qf7 {is a better defense.} 30. Qxf7+ Kxf7) 30. a5 (30. Bd3 $142 {Black must now prevent Qh7+.} Qd7 31. Bxc4 Qxa7 32. Bxd5+ Kg7 33. Nxa7 Rxc1 34. Rxc1 Nxd5 35. a5) 30... Rxb5 31. axb6 Qxb6 $2 (31... Rxb6 32. Bd3 Rc7) 32. Qxb6 (32. Qd7 $142 Qb7 33. Qe6+ Kg7 34. Bd3) 32... Rxb6 33. e4 Nd6 34. Rxc8+ Nxc8 35. exd5 {[%emt 0:00:02][%mdl 4096] Endgame Hoping for Re8+. KRB-KRN} Kf7 {[%emt 0:00:05] Against Re8} 36. Rc1 Ne7 37. Rc7 Rd6 38. Bc4 Kf8 39. Rc5 Nf5 40. Rc8+ Ke7 41. Rh8 Kf7 (41... Rb6 $16) 42. Bd3 (42. Kf1 $18) 42... Kg7 43. Ra8 (43. Bxf5 Kxh8 44. Be6 Ra6 $19) 43... Nxd4 44. Ra7+ Kf8 45. Bc4 Nf5 46. Kf1 {[%emt 0:00:19] White is more active.} Rb6 {[%emt 0:00:25] [#]} 47. Bd3 $1 {[%emt 0:00:03] Against Rb1+} Ne7 {[%emt 0:00:04] [#]} (47... Nd4 $16 48. f3 Rd6) 48. Ra5 $2 ({White has to play} 48. Ra8+ $1 $18 Kf7 49. Rd8) 48... Rd6 49. Bc4 f5 {[%emt 0:00:05] A mistake that costs the game.} (49... Ng6 $16 {was called for.}) 50. Ke2 Kf7 51. Ke3 Kf6 52. f4 Ng6 (52... h5 $16 {keeps fighting.} 53. Rc5 gxf4+ 54. gxf4 (54. Kxf4 Rb6 $14) 54... h4) 53. Ra7 Rb6 $2 (53... h5 54. Rh7 h4) 54. d6 gxf4+ 55. gxf4 Nh4 56. Rf7+ Kg6 57. d7 {[%emt 0:00:04] White is clearly winning.} ({Not} 57. g3 Ng2+ 58. Kf2 Rb2+ 59. Kf3 Ne1+ 60. Ke3 Rb6 $18) 57... Rd6 58. g3 Ng2+ 59. Ke2 h5 60. Re7 Kf6 {[%emt 0:00:10] [#] Against Re6+} 61. Re6+ $1 Rxe6+ 62. Bxe6 Ke7 63. Kf2 {[%emt 0:00:05] Weighted Error Value: White=0.29 (precise) /Black=0.36} 1-0

[Event "FIDE WTC Prel-A 2022"]
[Site "Jerusalem"]
[Date "2022.11.20"]
[Round "1.8"]
[White "Kovalenko, Igor"]
[Black "Gharamian, Tigran"]
[Result "1-0"]
[ECO "D37"]
[WhiteElo "2674"]
[BlackElo "2601"]
[Annotator "TA"]
[PlyCount "99"]
[EventDate "2022.11.20"]
[EventType "team-tourn"]
[EventCountry "ISR"]
[SourceTitle "playchess.com"]
[Source "ChessBase"]
[SourceQuality "1"]
[WhiteTeam "Ukraine"]
[BlackTeam "France"]
[WhiteTeamCountry "UKR"]
[BlackTeamCountry "FRA"]
[TimeControl "2700+10"]

1. c4 e6 2. Nc3 d5 3. d4 a6 4. cxd5 exd5 5. Nf3 Nf6 6. Bg5 {[%emt 0:00:13] D37: Queen's Gambit Declined: 5 Bf4.} Be6 7. e3 Nbd7 8. Bd3 {[%emt 0:00:48] White has an edge.} h6 9. Bh4 g5 10. Bg3 Nh5 11. Qc2 Nxg3 12. hxg3 Bg7 13. Bf5 {[%emt 0:06:56] [#] Hoping for Bxe6.} Bxf5 14. Qxf5 c6 {[%emt 0:00:02] [#]} 15. g4 $146 ({Predecessor:} 15. O-O-O Qe7 16. e4 Qe6 17. g4 Nf6 18. exd5 Qxf5 19. gxf5 cxd5 20. Rde1+ Kf8 21. Ne5 {0-1 (51) Dreev,A (2652)-Fedoseev,V (2667) Moscow 2016}) 15... Qf6 16. Ke2 Qxf5 17. gxf5 g4 18. Ne1 h5 19. Nd3 Ke7 20. Nf4 Kf6 (20... h4 $11) 21. Nxh5+ Kxf5 22. f3 gxf3+ 23. gxf3 {[%emt 0:00:02] aiming for e4+.} Bh6 24. Rh3 {[%emt 0:01:32] And now Rah1 would win.} Ke6 25. Rah1 Rhg8 26. Ng3 {[%emt 0:00:36] Pair of Knights!} Bg5 27. e4 dxe4 28. fxe4 Rg6 29. Nf5 Rag8 30. Kd3 (30. Rf1 $16) 30... Bd8 (30... c5 $14) 31. Rh8 (31. Rf3 $16) 31... Nf6 $11 {[%emt 0:00:30] Prevents d5+.} 32. Rxg8 (32. Ne2 {looks sharper.} Bc7 33. R8h4 Rg4 34. Ne3) 32... Rxg8 33. Rf1 Rg5 34. Rf3 Bc7 (34... Rg1 {with more complications.} 35. e5 Nd5 36. Nd6 b5) 35. Na4 Nd7 36. b4 b6 37. Nc3 b5 (37... Nf6 $11 {keeps the balance.}) 38. Ne2 (38. d5+ $16 Kf6 39. Nd4+ Kg6 40. Nxc6) 38... Nf8 39. Nh6 {[%emt 0:00:30] Threatens to win with d5+.} Rg7 (39... f6 $14) 40. e5 $16 {[%emt 0:00:28] Black must now prevent Nf4+. White is more active.} Bd8 (40... Kd7 $142 41. Rxf7+ Rxf7 42. Nxf7 Ke6) 41. Nf4+ $18 Kd7 42. Nh5 Rh7 {[%emt 0:00:06] [#]} 43. Nxf7 Rxh5 44. Nxd8 {[%emt 0:00:02][%mdl 64] Discovered Attack} Kxd8 45. Rxf8+ {[%emt 0:00:02] KR-KR} Kc7 $2 (45... Ke7 {keeps fighting.} 46. Ra8 Rh3+ 47. Ke4 Rh4+ 48. Ke3 Ke6) 46. Rf7+ Kb6 (46... Kd8 $142 47. Rg7 Rh3+ 48. Ke4 Rh4+ 49. Ke3 Rh3+ 50. Kf4 Rh4+ 51. Rg4 Rh5) 47. e6 {[%emt 0:00:20][%cal Be5e6,Be6e7][%mdl 32] Threatening mate with e7.} Rh1 48. Ke4 a5 49. a3 a4 50. e7 {[%emt 0:00:07] Weighted Error Value: White=0.13 (very precise) /Black=0.35} 1-0

[Event "FIDE WTC Prel-A 2022"]
[Site "Jerusalem"]
[Date "2022.11.20"]
[Round "1.9"]
[White "Solomon, Kenny"]
[Black "Xu, Xiangyu"]
[Result "0-1"]
[ECO "B67"]
[WhiteElo "2355"]
[BlackElo "2577"]
[Annotator "TA"]
[PlyCount "68"]
[EventDate "2022.11.20"]
[EventType "team-tourn"]
[EventCountry "ISR"]
[SourceTitle "playchess.com"]
[Source "ChessBase"]
[SourceQuality "1"]
[WhiteTeam "South Africa"]
[BlackTeam "China"]
[WhiteTeamCountry "RSA"]
[BlackTeamCountry "CHN"]
[TimeControl "2700+10"]

1. e4 c5 2. Nf3 d6 3. d4 cxd4 4. Nxd4 Nf6 5. Nc3 Nc6 6. Bg5 e6 7. Qd2 a6 8. O-O-O Bd7 9. Kb1 Be7 10. f3 Qc7 {[%emt 0:00:30] 10...Nxd4 is more fashionable.} 11. h4 h6 {[%emt 0:00:09] B67: Sicilian: Richter-Rauzer: 7...a6 8 0-0-0 Bd7, lines without 9 f4 Be7.} 12. Be3 h5 {[%emt 0:00:05] Against g4} 13. Bg5 Ne5 {[%emt 0:02:34] The position is equal.} 14. Qe1 {[%emt 0:00:34] [#]} Rc8 $146 ({Predecessor:} 14... b5 15. f4 Neg4 16. a3 Rc8 17. f5 e5 18. Nb3 d5 19. exd5 Bxf5 20. Bd3 Bxd3 21. Rxd3 {½-½ (35) Tissir,M (2366)-Hillarp Persson,T (2549) Tromsoe 2014}) 15. Be2 b5 16. a3 Qb6 17. Be3 (17. f4 {looks sharper.} Nc4 18. Rh3 b4 19. axb4 Qxb4 20. Nb3) 17... Qb8 18. Rh3 d5 (18... Nc4 $11 {deserves consideration.} 19. Bxc4 Rxc4) 19. exd5 $14 exd5 20. Rg3 O-O {[%emt 0:01:24] [#]} (20... b4 $1 $11 21. axb4 Bxb4) 21. Rg5 (21. Bf4 $1 $16 Bd6 22. Rg5) 21... b4 $1 $11 22. axb4 Bxb4 23. Bd2 {[%emt 0:00:02][%cal Oe1g3] And now Qg3! would win.} Rfe8 {[%emt 0:02:45] Strongly threatening ...Nc4.} 24. Na2 ({White should try} 24. Ne4 $1 $15 dxe4 25. Bxb4) 24... Bd6 $17 (24... Ba3 $6 25. Bb4 Nc4 26. bxa3 $11) 25. Qf1 {[%emt 0:02:33] [#]} Nc4 (25... Ba3 $1 $17 26. Nb3 Nh7 27. Rxh5 (27. bxa3 $2 Nxg5 28. Nb4 Nc4 $17) 27... g6 28. Rxe5 (28. Bxa6 gxh5 29. Bxc8 Rxc8 $15) (28. Rxh7 $2 Rxc2 29. Kxc2 Bf5+ 30. Bd3 Bxd3+ 31. Qxd3 Nxd3 $19) 28... Qxe5 29. bxa3 Qxe2 30. Qxe2 Rxe2) 26. Bxc4 $15 Rxc4 $40 {[%emt 0:00:02][%mdl 128] Black has some attack.} ({Much weaker is} 26... dxc4 27. Ne2 $11) 27. Rxd5 {[%emt 0:00:16][%mdl 8192] This costs White the game.} Ra4 ({Less strong is} 27... Nxd5 28. Qxc4 Qb7 29. Nc3 $14) 28. Rxd6 Qxd6 29. Bc3 Nd5 ({Stronger than} 29... Qd5 30. b3 Rb8 31. Ka1 $11) 30. Nb3 $2 (30. Qd3) 30... Bf5 $19 {[%emt 0:00:18][%cal Of5c2] ...Bxc2+! is the strong threat.} 31. Bd4 {[%emt 0:00:18] [#]} (31. Qf2 $142) 31... Rxa2 $1 {[%emt 0:01:25][%mdl 512] Black is clearly winning.} 32. Kxa2 (32. Qc4 Nb4) 32... Nb4+ 33. Ka1 Qc6 34. Nc5 Nxc2+ {[%emt 0:00:02] Weighted Error Value: White=0.87/Black=0.23 (precise)} 0-1